 Dungeon Crawl Stone Soup version 0.21-a0-442-g848f44b (webtiles) character file.

8113 Gildeon the Slasher (level 11, -12/63 HPs)
             Began as a Human Fighter on Nov 16, 2017.
             Was a Believer of Kikubaaqudgha.
             Killed from afar by a molten gargoyle (16 damage)
             ... with a bolt of magma
             ... on level 10 of the Dungeon.
             The game lasted 00:56:49 (11333 turns).

Gildeon the Slasher (Human Fighter)                Turns: 11333, Time: 00:56:50

Health: -12/63     AC: 16    Str: 18    XL:     11   Next: 49%
Magic:  29/29      EV: 11    Int: 11    God:    Kikubaaqudgha [**....]
Gold:   497        SH: 10    Dex: 16    Spells: 20/22 levels left

rFire    . . .     SeeInvis .   y - +3 long sword (distort)
rCold    . . .     Gourm    .   c - +0 shield
rNeg     . . .     Faith    .   b - +3 scale mail
rPois    .         Spirit   .   (helmet restricted)
rElec    .         Reflect  .   u - +0 cloak
rCorr    .         Harm     .   B - +0 pair of gloves
MR       .....     Clarity  +   (no boots)
Stlth    ..........             (no amulet)
HPRegen  0.20/turn              j - +6 ring of dexterity
MPRegen  0.21/turn              v - ring of magical power

@: no status effects
A: horns 1, iridescent scales 1, blink, clarity, clumsy 1, frail 2, shaggy fur 1
a: Blink, Receive Corpses, Renounce Religion


You were on level 10 of the Dungeon.
You worshipped Kikubaaqudgha.
Kikubaaqudgha was pleased with you.
You were not hungry.

You visited 2 branches of the dungeon, and saw 11 of its levels.

You collected 652 gold pieces.
You spent 155 gold pieces at shops.

Inventory:

Hand Weapons
 y - a +3 long sword of distortion (weapon)
Missiles
 t - 3 tomahawks (quivered)
Armour
 b - a +3 scale mail (worn)
 c - a +0 shield (worn)
 u - a +0 cloak (worn)
 B - a +0 pair of gloves (worn)
Jewellery
 i - the ring of Lugonu's Indignation {+Inv rElec Int-2 Dex+2 Stlth+, unknown}
   (You found it on level 9 of the Dungeon)

   [ring of stealth]

   It affects your intelligence (-2).
   It affects your dexterity (+2).
   It insulates you from electricity.
   It lets you turn invisible.
   It makes you more stealthy.
 j - a +6 ring of dexterity (left hand)
 v - a ring of magical power (right hand)
 z - a +5 ring of intelligence
 C - a +3 ring of strength {unknown}
Wands
 o - a wand of digging (8/24)
Scrolls
 a - a scroll of teleportation
 d - 2 scrolls of recharging
 s - 2 scrolls of remove curse
Potions
 e - a potion of resistance {unknown}
 k - a potion of heal wounds
 l - 3 potions of brilliance
 n - a potion of curing
 p - 2 potions of magic
 q - 3 potions of flight
 w - 2 potions of invisibility {unknown}
Books
 x - a book of Maledictions

   Spells                             Type                      Level
   a - Corona                         Hexes                        1
   b - Ensorcelled Hibernation        Hexes/Ice                    2
   c - Confuse                        Hexes                        3
   d - Tukima's Dance                 Hexes                        3
   e - Dazzling Spray                 Conjuration/Hexes            3
 A - Kikubaaqudgha's Collected Works on Dark Arts
   (Kikubaaqudgha gifted it to you on level 7 of the Dungeon)

   Spells                             Type                      Level
   a - Pain                           Necromancy                   1
   b - Corpse Rot                     Necromancy                   2
   c - Sublimation of Blood           Necromancy                   2
   d - Vampiric Draining              Necromancy                   3
   e - Control Undead                 Necromancy                   4
Comestibles
 f - 2 bread rations
 h - 4 meat rations
 m - 19 royal jellies


   Skills:
 - Level 5.0 Fighting
 + Level 6.7 Long Blades
 - Level 5.2 Throwing
 - Level 5.5 Armour
 - Level 5.3 Dodging
 - Level 5.5 Shields
 - Level 6.3 Spellcasting
 - Level 5.0 Hexes
 - Level 5.2 Necromancy
 - Level 5.0 Evocations


You had 20 spell levels left.
You knew the following spells:

 Your Spells              Type           Power        Failure   Level  Hunger
a - Corona                Hex            ##.....      22%         1    None
b - Pain                  Necr           ##..         22%         1    None


Dungeon Overview and Level Annotations

Branches:
Dungeon (10/15)            Temple (1/1) D:5
   Lair: D:8-11         Orc: D:9-12

Altars:
Ashenzari
Cheibriados
Dithmenos
Elyvilon
Fedhas
Gozag
Hepliaklqana
Kikubaaqudgha
Makhleb
Nemelex Xobeh
Qazlal
Ru
Sif Muna
Trog
Uskayaw
Vehumet
Xom
Yredelemnul
Zin
The Shining One

Shops:
D:5 ?   D:7 }   D:8 =

Annotations:
D:10 exclusion: ice statue


Innate Abilities, Weirdness & Mutations

You have a pair of small horns on your head.
You are partially covered in iridescent scales. (AC +2)
You can translocate small distances at will.
You possess an exceptional clarity of mind.
You are clumsy. (Dex -2)
You are very frail. (-20% HP)
You are covered in fur. (AC +1)


Message History

You block the molten gargoyle's attack.
You slash the molten gargoyle!
Space warps horribly around the molten gargoyle!
You headbutt the molten gargoyle, but do no damage.
The molten gargoyle is severely damaged.
You hit the molten gargoyle.
Space bends around the molten gargoyle.
The molten gargoyle is almost destroyed.
You block the molten gargoyle's attack.
You barely miss the molten gargoyle.
The molten gargoyle is almost destroyed.
The molten gargoyle hits you with a flail!
* * * LOW HITPOINT WARNING * * *
You are engulfed in flames!
* * * LOW HITPOINT WARNING * * *
You closely miss the molten gargoyle.
The molten gargoyle is almost destroyed.
The molten gargoyle blasts magma at you!
The bolt of magma hits you!
You die...
Kikubaaqudgha rasps: "You have failed me!
Welcome... death!"

... #... #. ...# #.
...# ####.### ...#
#.......# ...#
........# ...# .
#..##...######...####
..#.......#..@9........
....#.................
..#..##...#.......#(#.#
..........######.#.#(#
##.....## ..#.. ####.##
.#..S≈ #.# ..#.≈≈≈
#########.# .# §§≈8
##.........# #. ≈§8


You could see a molten gargoyle and a lava snake.

Vanquished Creatures
  A two-headed ogre (D:8)
  An unseen horror (D:9)
  A kobold demonologist (D:9)
  A troll (D:10)
  A queen bee (D:9)
  A hippogriff (D:7)
  A yak (D:9)
  A hungry ghost (D:9)
  2 insubstantial wisps (D:7)
  Menkaure (D:5)
  3 sky beasts
  4 ice beasts
  An orc warrior (D:8)
  A black bear (D:9)
  2 ogres (D:6)
  5 centaurs
  A crocodile (D:7)
  6 bullfrogs
  A scorpion (D:6)
  30 killer bees
  A howler monkey (D:6)
  2 crimson imps
  A bullfrog zombie (D:7)
  A centaur zombie (D:7)
  A hound (D:5)
  4 jellies
  Crazy Yiuf (D:4)
  An orc priest (D:6)
  6 orc wizards
  An iguana (D:9)
  A worker ant (D:8)
  2 hound zombies
  A howler monkey zombie (D:5)
  5 gnolls
  14 adders
  A shadow imp (D:5)
  2 oozes
  2 worms
  2 dart slugs
  A leopard gecko (D:7)
  21 orcs
  4 giant cockroaches
  11 goblins
  11 hobgoblins
  10 jackals
  11 kobolds
  4 quokkas
  A ball python (D:1)
  6 bats
  A frilled lizard (D:3)
  5 rats
200 creatures vanquished.

Vanquished Creatures (collateral kills)
  A hippogriff (D:6)
  An orc priest (D:6)
  An orc wizard (D:6)
3 creatures vanquished.

Vanquished Creatures (others)
  A two-headed ogre (D:9)
  3 yaks (D:9)
  A steam dragon (D:7)
  A sky beast (D:7)
  A black bear (D:9)
  3 big kobolds
  3 killer bees (D:9)
  A crimson imp (D:8)
  A worker ant (D:7)
  An orc (D:7)
  A kobold (D:9)
17 creatures vanquished.

Grand Total: 220 creatures vanquished

Notes
Turn   | Place    | Note
-------+----------+-------------------------------------------
     0 | D:1      | Gildeon the Human Fighter began the quest for the Orb.
     0 | D:1      | Reached XP level 1. HP: 18/18 MP: 1/1
   218 | D:1      | Reached XP level 2. HP: 24/24 MP: 2/2
   653 | D:1      | Reached XP level 3. HP: 25/29 MP: 3/3
  1288 | D:2      | Reached XP level 4. HP: 34/35 MP: 4/4
  2335 | D:3      | Found a sacrificial altar of Ru.
  2341 | D:3      | Reached skill level 5 in Long Blades
  2341 | D:3      | Reached XP level 5. HP: 41/41 MP: 5/5
  2672 | D:3      | Reached XP level 6. HP: 34/48 MP: 6/6
  2800 | D:3      | Gained mutation: You are covered in fur. (AC +1) [potion of mutation]
  2800 | D:3      | Gained mutation: You are frail. (-10% HP) [potion of mutation]
  2800 | D:3      | Gained mutation: You have a pair of small horns on your head. [potion of mutation]
  3560 | D:4      | Reached skill level 5 in Fighting
  3837 | D:4      | Found a runed door.
  3841 | D:4      | Noticed Crazy Yiuf
  3850 | D:4      | Killed Crazy Yiuf
  4278 | D:5      | Entered Level 5 of the Dungeon
  4286 | D:5      | Found Taadghe's Magic Scroll Shop.
  4289 | D:5      | Bought a scroll of identify for 20 gold pieces
  4289 | D:5      | Bought a scroll of summoning for 95 gold pieces
  4289 | D:5      | Bought a scroll of identify for 20 gold pieces
  4289 | D:5      | Bought a scroll of identify for 20 gold pieces
  4337 | D:5      | Found a staircase to the Ecumenical Temple.
  4353 | Temple   | Entered the Ecumenical Temple
  4363 | Temple   | Became a worshipper of Kikubaaqudgha
  4464 | D:5      | Reached XP level 7. HP: 46/50 MP: 7/7
  4477 | D:5      | Noticed Menkaure
  4482 | D:5      | Killed Menkaure
  5181 | D:6      | Reached skill level 5 in Shields
  5181 | D:6      | Reached XP level 8. HP: 55/55 MP: 8/8
  5358 | D:6      | Found a basalt altar of Yredelemnul.
  5514 | D:6      | Noticed a hippogriff
  5529 | D:6      | Killed a hippogriff
  5529 | D:6      | Reached skill level 5 in Armour
  5757 | D:6      | Reached skill level 1 in Throwing
  6240 | D:7      | Reached XP level 9. HP: 57/61 MP: 9/9
  6256 | D:7      | Learned a level 1 spell: Corona
  6285 | D:7      | Noticed a hippogriff
  6300 | D:7      | Killed a hippogriff
  6326 | D:7      | Reached * piety under Kikubaaqudgha
  6326 | D:7      | Identified Kikubaaqudgha's Collected Works on Dark Arts (Kikubaaqudgha gifted it to you on level 7 of the Dungeon)
  6326 | D:7      | Received a gift from Kikubaaqudgha
  6350 | D:7      | Learned a level 1 spell: Pain
  6358 | D:7      | Found Vaikeasu's Gadget Shoppe.
  6380 | D:7      | Reached skill level 5 in Throwing
  6397 | D:7      | Reached skill level 1 in Dodging
  6831 | D:7      | Reached skill level 5 in Dodging
  6850 | D:7      | Reached skill level 1 in Spellcasting
  7361 | D:7      | Reached XP level 10. HP: 59/66 MP: 14/14
  7443 | D:7      | Gained mutation: You possess an exceptional clarity of mind. [mutagenic meat]
  7446 | D:7      | Gained mutation: You are very frail. (-20% HP) [mutagenic meat]
  7655 | D:8      | Noticed a two-headed ogre
  7719 | D:8      | Found Egrir's Jewellery Shoppe.
  7950 | D:8      | Killed a two-headed ogre
  7950 | D:8      | Reached ** piety under Kikubaaqudgha
  8255 | D:8      | Reached skill level 1 in Hexes
  9665 | D:8      | Reached skill level 5 in Hexes
  9861 | D:9      | Reached skill level 1 in Necromancy
 10147 | D:9      | Killed an unseen horror
 10147 | D:9      | Reached XP level 11. HP: 21/63 MP: 20/20
 10385 | D:9      | Reached skill level 5 in Necromancy
 10389 | D:9      | Reached skill level 1 in Evocations
 10556 | D:9      | Noticed a two-headed ogre
 10744 | D:9      | Noticed a two-headed ogre
 10751 | D:9      | Banished a two-headed ogre
 10988 | D:9      | Found a sparkling altar of Nemelex Xobeh.
 11013 | D:9      | Got a twitching copper ring
 11062 | D:9      | Gained mutation: You are clumsy. (Dex -2) [mutagenic meat]
 11063 | D:9      | Gained mutation: You can translocate small distances at will. [mutagenic meat]
 11064 | D:9      | Gained mutation: You are partially covered in iridescent scales. (AC +2) [mutagenic meat]
 11163 | D:9      | Reached skill level 5 in Evocations
 11221 | D:10     | Entered Level 10 of the Dungeon
 11333 | D:10     | Killed from afar by a molten gargoyle

Vault maps used:
D:1:      sevenhm_arrival_forest_fort_small_3, serial_bayou_ford_a
D:2:      first_bread
D:3:      kennysheep_six_static_rooms, nicolae_ru_great_annihilating_truth
D:4:      uniq_crazy_yiuf_cottage
D:5:      minmay_temple_entry_steel_oval, serial_shops,
          nicolae_shop_window_shopping, uniq_menkaure
D:6:      basic_altar, hangedman_abyss_or_decor_stagger, minmay_holes,
          serial_bayou_crossing
D:7:      serial_shops, shop, hangedman_misty_isle
D:8:      serial_shops, shop, wad_floor_pattern_1
D:9:      nemelex_altar_shiori
D:10:     minivault_8
Temple:   dpeg_three_leaves_temple

Skill      XL: |  1  2  3  4  5  6  7  8  9 10 11 |
---------------+----------------------------------+-----
Long Blades    | 3 4 5 6 |  6.7
Fighting       | 4 5 |  5.0
Shields        | 5 |  5.5
Armour         | 5 |  5.5
Throwing       | 3 5 |  5.2
Dodging        | 5 |  5.3
Spellcasting   | 3 6 |  6.3
Hexes          | 5 |  5.0
Necromancy     | 4 5 |  5.2
Evocations     | 5 |  5.0

Action                   |  1- 3 |  4- 6 |  7- 9 | 10-12 || total
-------------------------+-------+-------+-------+-------++-------
Melee: Long sword        |    83 |   169 |   203 |   258 ||   713
       Headbutt          |       |    22 |    57 |    64 ||   143
Throw: Tomahawk          |       |       |    26 |    25 ||    51
 Cast: Corona            |       |       |       |    12 ||    12
       Pain              |       |       |       |     2 ||     2
  Use: Scroll            |     6 |    12 |     5 |     4 ||    27
       Potion            |     1 |     3 |     4 |     5 ||    13
 Stab: Paralysed         |       |     1 |       |       ||     1
  Eat: Bread ration      |     1 |     1 |     1 |     3 ||     6
       Chunk             |       |     6 |     1 |    10 ||    17
       Fruit             |       |       |     1 |       ||     1
Armor: Scale mail        |    52 |    57 |    91 |   147 ||   347
Dodge: Dodged            |    18 |    51 |    78 |   162 ||   309
Block: Shield            |    64 |    77 |    76 |   179 ||   396
       Rpst.: Long sword |     5 |    16 |    17 |    53 ||    91

Table legend:
 A = Spawn XP
 B = Non-spawn XP
 C = Spawn XP percentage of total XP
 D = Spawn monster count
 E = Non-spawn monster count
 F = Spawn count percentage of total count
 G = Total turns spent on level
                    A         B        C        D         E        F      G
               +---------+---------+-------+---------+---------+-------+---------
         Total |       0 |   11590 |   0.0 |       0 |     220 |   0.0 | 11333
               +---------+---------+-------+---------+---------+-------+---------
           D:1 |       0 |      31 |   0.0 |       0 |      14 |   0.0 |   918
           D:2 |       0 |      60 |   0.0 |       0 |      17 |   0.0 |  1067
           D:3 |       0 |     254 |   0.0 |       0 |      43 |   0.0 |  1568
           D:4 |       0 |     134 |   0.0 |       0 |       9 |   0.0 |   725
           D:5 |       0 |     411 |   0.0 |       0 |       7 |   0.0 |   849
           D:6 |       0 |     977 |   0.0 |       0 |      22 |   0.0 |  1144
           D:7 |       0 |    2491 |   0.0 |       0 |      41 |   0.0 |  1367
           D:8 |       0 |    1893 |   0.0 |       0 |      22 |   0.0 |  2126
           D:9 |       0 |    4993 |   0.0 |       0 |      43 |   0.0 |  1440
          D:10 |       0 |     346 |   0.0 |       0 |       2 |   0.0 |   112
               +---------+---------+-------+---------+---------+-------+---------
